2955 views
Uploaded 2020-02-09 16:28:25
Game version 1.32 / 1.32.1
9:17 long 2on2 ladder game on (4)SynergyBigPaved
Saved by Grim
2955 views
Uploaded 2020-02-09 16:28:25
Game version 1.32 / 1.32.1
9:17 long 2on2 ladder game on (4)SynergyBigPaved

26 units @ 3.9k
/ 0.3k
19 buildings @ 3.1k
/ 0.9k


| Rod of Necromancy | 2 | 300 |
| Ritual Dagger | 1 | 125 |
| total: | 3 | 425g |
| Acolyte | 2 | 150 | / | 0 |
| Ghoul | 3 | 360 | / | 0 |
| Crypt Fiend | 7 | 1505 | / | 280 |
| total: | 12 | 2015g | / | 280w |
| Crypt | 1 | 200 | / | 50 |
| Graveyard | 1 | 215 | / | 0 |
| Altar of Darkness | 1 | 180 | / | 50 |
| Ziggurat | 4 | 600 | / | 200 |
| Tomb of Relics | 1 | 130 | / | 30 |
| Slaughterhouse | 1 | 140 | / | 135 |
| Halls of the Dead | 3 | 960 | / | 630 |
| Black Citadel | 1 | 325 | / | 230 |
| total: | 9 | 1465g | / | 465w |
| 0:03 | Acolyte |
| 0:06 | Crypt |
| 0:12 | Graveyard |
| 0:21 | Acolyte |
| 0:41 | Altar of Darkness |
| 0:58 | Ziggurat |
| 1:09 | Ghoul |
| 1:09 | Ghoul |
| 1:25 | Tomb of Relics |
| 1:49 | Crypt Fiend |
| 2:01 | Ziggurat |
| 2:22 | Crypt Fiend |
| 2:22 | Crypt Fiend |
| 2:46 | Rod of Necromancy |
| 2:49 | Death Coil |
| 3:15 | Halls of the Dead |
| 3:29 | Ghoul |
| 3:54 | Crypt Fiend |
| 4:00 | Ziggurat |
| 4:04 | Unholy Aura |
| 4:17 | Crypt Fiend |
| 5:16 | Crypt Fiend |
| 6:30 | Crypt Fiend |
| 6:33 | Slaughterhouse |
| 6:38 | Frost Nova |
| 6:42 | Death Coil |
| 6:51 | Rod of Necromancy |
| 6:52 | Ritual Dagger |
| 7:22 | Black Citadel |
| 7:26 | Burrow |
| 7:29 | Ziggurat |
| 9:13 | Frost Armor |
| Right click | 520 |
| Select group | 332 |
| Assign group | 307 |
| Select | 104 |
| Build/train/purchase | 45 |
| Use ability | 18 |
| Minimap ping | 4 |
| Item give/drop | 3 |
| Misc. action | 1 |
| Remove unit | 1 |


| Healing Salve | 2 | 200 |
| total: | 2 | 200g |
| Peon | 7 | 525 | / | 0 |
| Grunt | 7 | 1400 | / | 0 |
| total: | 14 | 1925g | / | 0w |
| Altar of Storms | 1 | 180 | / | 50 |
| Orc Burrow | 5 | 800 | / | 200 |
| Barracks | 1 | 180 | / | 50 |
| War Mill | 1 | 205 | / | 0 |
| Voodoo Lounge | 1 | 130 | / | 30 |
| Spirit Lodge | 1 | 150 | / | 150 |
| Stronghold | 1 | 315 | / | 190 |
| total: | 10 | 1645g | / | 480w |
| 0:03 | Peon |
| 0:03 | Peon |
| 0:09 | Altar of Storms |
| 0:20 | Orc Burrow |
| 0:32 | Barracks |
| 0:38 | Peon |
| 0:47 | Peon |
| 0:59 | Peon |
| 1:27 | Orc Burrow |
| 1:30 | Peon |
| 1:43 | Grunt |
| 1:52 | Peon |
| 2:11 | Wind Walk |
| 2:22 | War Mill |
| 2:34 | Grunt |
| 2:49 | Voodoo Lounge |
| 3:04 | Grunt |
| 3:20 | Orc Burrow |
| 3:40 | Grunt |
| 4:10 | Critical Strike |
| 4:21 | Stronghold |
| 4:29 | Grunt |
| 5:04 | Grunt |
| 5:08 | Orc Burrow |
| 5:12 | Steel Melee Weapons |
| 6:31 | Grunt |
| 6:48 | Wind Walk |
| 6:56 | Healing Salve |
| 7:10 | Spirit Lodge |
| 7:20 | Berserker Strength |
| 7:23 | Steel Armor |
| 7:33 | Healing Salve |
| 7:50 | Healing Wave |
| 7:58 | Pillage |
| 8:01 | Thorium Melee Weapons |
| 8:12 | Orc Burrow |
| Right click | 315 |
| Select | 137 |
| Select group | 45 |
| Build/train/purchase | 30 |
| Assign group | 8 |
| Use ability | 6 |
| Minimap ping | 1 |
/ 0.3k
22 buildings @ 2.8k
/ 0.8k


| Peon | 8 | 600 | / | 0 |
| Grunt | 1 | 200 | / | 0 |
| Troll Headhunter | 13 | 1820 | / | 260 |
| total: | 22 | 2620g | / | 260w |
| Altar of Storms | 1 | 180 | / | 50 |
| Orc Burrow | 4 | 640 | / | 160 |
| Barracks | 1 | 180 | / | 50 |
| War Mill | 1 | 205 | / | 0 |
| Great Hall | 1 | 385 | / | 185 |
| Stronghold | 1 | 315 | / | 190 |
| total: | 8 | 1590g | / | 445w |
| 0:15 | Altar of Storms |
| 0:16 | Peon |
| 0:18 | Peon |
| 0:23 | Orc Burrow |
| 0:32 | Peon |
| 0:54 | Barracks |
| 1:03 | Peon |
| 1:24 | War Mill |
| 1:26 | Peon |
| 1:46 | Orc Burrow |
| 2:02 | Grunt |
| 2:17 | Feral Spirit |
| 2:53 | Troll Headhunter |
| 2:57 | Peon |
| 3:01 | Troll Headhunter |
| 3:46 | Chain Lighting |
| 3:57 | Stronghold |
| 3:59 | Troll Headhunter |
| 3:59 | Troll Headhunter |
| 4:02 | Steel Ranged Weapons |
| 4:32 | Troll Headhunter |
| 4:37 | Orc Burrow |
| 4:42 | Orc Burrow |
| 5:37 | Troll Headhunter |
| 5:38 | Troll Headhunter |
| 5:38 | Troll Headhunter |
| 6:12 | Troll Headhunter |
| 6:22 | Troll Regeneration |
| 6:37 | Steel Armor |
| 7:16 | Troll Headhunter |
| 7:19 | Healing Wave |
| 7:45 | Chain Lighting |
| 7:46 | Peon |
| 7:51 | Peon |
| 7:57 | Great Hall |
| 8:12 | Thorium Ranged Weapons |
| 9:01 | Troll Headhunter |
| 9:01 | Troll Headhunter |
| 9:01 | Troll Headhunter |
| Right click | 292 |
| Select | 147 |
| Build/train/purchase | 38 |
| Select group | 25 |
| Assign group | 11 |
| Misc. action | 8 |
| Use ability | 6 |
| Minimap ping | 5 |

| Peasant | 6 | 450 | / | 0 |
| Footman | 11 | 1485 | / | 0 |
| Rifleman | 3 | 615 | / | 90 |
| total: | 20 | 2550g | / | 90w |
| Scout Tower | 3 | 90 | / | 60 |
| Guard Tower | 1 | 70 | / | 50 |
| Altar of Kings | 1 | 180 | / | 50 |
| Barracks | 1 | 160 | / | 60 |
| Farm | 7 | 560 | / | 140 |
| Lumber Mill | 1 | 120 | / | 0 |
| Blacksmith | 1 | 140 | / | 60 |
| Keep | 1 | 320 | / | 210 |
| total: | 14 | 1250g | / | 370w |
| 0:03 | Altar of Kings |
| 0:06 | Barracks |
| 0:10 | Farm |
| 0:25 | Peasant |
| 0:39 | Peasant |
| 0:51 | Farm |
| 1:02 | Peasant |
| 1:18 | Footman |
| 1:27 | Peasant |
| 1:35 | Farm |
| 1:48 | Footman |
| 2:02 | Footman |
| 2:13 | Summon Water Elemental |
| 2:23 | Farm |
| 2:40 | Lumber Mill |
| 2:42 | Footman |
| 3:25 | Farm |
| 3:29 | Footman |
| 4:02 | Footman |
| 4:17 | Peasant |
| 4:17 | Peasant |
| 4:39 | Farm |
| 4:40 | Footman |
| 4:48 | Keep |
| 5:10 | Blizzard |
| 6:17 | Footman |
| 6:17 | Footman |
| 6:32 | Blacksmith |
| 6:38 | Scout Tower |
| 6:45 | Scout Tower |
| 6:57 | Farm |
| 7:01 | Footman |
| 7:01 | Footman |
| 7:50 | Improved Lumber Harvesting |
| 7:52 | Rifleman |
| 7:53 | Rifleman |
| 7:53 | Rifleman |
| 8:17 | Scout Tower |
| 8:22 | Guard Tower |
| Right click | 124 |
| Select | 82 |
| Build/train/purchase | 32 |
| Select group | 32 |
| Assign group | 6 |
| Misc. action | 6 |
| Use ability | 2 |